 Dungeon Crawl Stone Soup version 0.23.0 (webtiles) character file.

Game seed: 2209183460503642758

7968 Kairos the Cleaver (level 11, -4/57 HPs)
             Began as a Vine Stalker Fighter on Feb 15, 2019.
             Was an Elder of Okawaru.
             Slain by an orc knight
             ... wielding a +0 great sword
              (21 damage)
             ... on level 10 of the Dungeon.
             The game lasted 00:17:47 (7646 turns).

Kairos the Cleaver (Vine Stalker Fighter)           Turns: 7646, Time: 00:17:47

Health: -4/57      AC: 18    Str: 21    XL:     11   Next: 23%
Magic:  0/12       EV:  5    Int:  8    God:    Okawaru [****..]
Gold:   585        SH: 11    Dex: 15    Spells: 10/10 levels left

rFire    . . .     SeeInvis .   a - +0 war axe
rCold    + . .     Gourm    .   c - +0 shield
rNeg     . . .     Faith    .   k - +0 plate armour
rPois    .         Spirit   +   v - +2 helmet
rElec    .         Reflect  .   H - +0 cloak
rCorr    .         Harm     .   (no gloves)
MR       +....                  b - +0 pair of boots
Stlth    ..........             e - amulet of regeneration
HPRegen  0.99/turn              m - ring of protection from cold
MPRegen  0.13/turn              (no ring)

@: no status effects
A: fangs 3, regeneration 1, magic shield, antimagic bite, no potion heal 3, rot
immunity
a: Heroism, Renounce Religion


You were on level 10 of the Dungeon.
You worshipped Okawaru.
Okawaru was greatly pleased with you.
You were not hungry.

You visited 2 branches of the dungeon, and saw 11 of its levels.
You also visited: Sewer.

You collected 585 gold pieces.

Inventory:

Hand Weapons
 a - a +0 war axe (weapon)
 D - a +3 trident
 G - a +0 flail of venom
Armour
 b - a +0 pair of boots (worn)
 c - a +0 shield (worn)
 k - a +0 plate armour (worn)
 v - a +2 helmet (worn)
 H - a +0 cloak (worn)
Jewellery
 e - an amulet of regeneration (around neck)
 m - a ring of protection from cold (left hand)
 I - an uncursed ring of ice
Wands
 o - a wand of polymorph (12)
 u - a wand of enslavement (8)
 C - a wand of scattershot (3)
 E - a wand of iceblast (8)
 J - a wand of flame (9)
Scrolls
 g - 3 scrolls of amnesia
 j - 5 scrolls of remove curse
 n - 7 scrolls of blinking
 p - 3 scrolls of fear
 q - 5 scrolls of teleportation
 w - 4 scrolls of random uselessness {unknown}
 x - a scroll of fog
 y - 4 scrolls of identify
 z - a scroll of brand weapon {unknown}
 F - a scroll of enchant weapon
 K - a scroll of torment {unknown}
Potions
 d - 4 potions of might
 h - 2 potions of lignification {unknown}
 i - 5 potions of curing
 l - 2 potions of flight {unknown}
 r - 3 potions of haste {unknown}
 s - 3 potions of brilliance {unknown}
 t - 4 potions of degeneration {unknown}
 A - a potion of cancellation {unknown}
 B - 2 potions of heal wounds {unknown}
Comestibles
 f - 24 rations


   Skills:
 + Level 6.3 Fighting
 + Level 10.7 Axes
 + Level 6.5 Armour
 + Level 0.9 Dodging
 + Level 1.9 Stealth
 + Level 7.6 Shields
 + Level 0.2 Invocations
 + Level 1.1 Evocations


You had 10 spell levels left.
You didn't know any spells.
Your spell library contained the following spells:

 Spells                   Type           Power        Failure   Level  Hunger
 Corona                   Hex            #......      100%        1    ##.....
 Magic Dart               Conj           #...         100%        1    ##.....
 Ensorcelled Hibernation  Hex/Ice        #.....       100%        2    ###....
 Searing Ray              Conj           #.....       100%        2    ###....
 Confuse                  Hex            #.......     100%        3    ####...
 Dazzling Spray           Conj/Hex       #.....       100%        3    ####...
 Tukima's Dance           Hex            #.......     100%        3    ####...
 Force Lance              Conj/Tloc      #.......     100%        4    #####..
 Fulminant Prism          Conj/Hex       #.........   100%        4    #####..
 Iskenderun's Mystic Bla  Conj           #.......     100%        4    #####..


Dungeon Overview and Level Annotations

Branches:
Dungeon (10/15)            Temple (1/1) D:6            Lair (0/6) D:10
    Orc: D:9-12

Altars:
Ashenzari
Cheibriados
Dithmenos
Elyvilon
Fedhas
Gozag
Hepliaklqana
Kikubaaqudgha
Makhleb
Nemelex Xobeh
Okawaru
Qazlal
Sif Muna
Trog
Uskayaw
Xom
Yredelemnul
Zin
The Shining One

Shops:
D:4 :   D:5 [   D:9 [


Innate Abilities, Weirdness & Mutations

You have razor-sharp teeth.
Your natural rate of healing is unusually fast.
When hurt, damage is shared between your health and your magic reserves.
Your bite disrupts and absorbs the magic of your enemies.
Potions cannot restore your health.
You are immune to rotting.


Message History

The orc knight hits you with a +0 great sword!!
You closely miss the orc knight.
You bite the orc knight, but do no damage.
The orc knight is lightly wounded.
You feel like a meek peon again. You block the orc knight's attack.
You hit the orc knight but do no damage.
You bite the orc knight. You drain its power.
You feel invigorated.
The orc knight is moderately wounded.
You fail to use your ability.
The orc knight hits you with a +0 great sword!!
You hit the orc knight but do no damage.
You bite the orc knight, but do no damage.
The orc knight is moderately wounded.
The orc knight hits you with a +0 great sword!
* * * LOW HITPOINT WARNING * * *
You hit the orc knight.
The orc knight is moderately wounded.
The orc knight hits you with a +0 great sword!!
You die...

.# #.#.# #.........R... ## #.##
#..######.#### ## ###.###..# #.#
.# #.....#..# #.# .# #..#..#..#
#.# .# #.....#..######.#### .#
#.#.#.#............. .#
#..o..#.######......
################@###)# #......
.#.....#...#.#.#.#.#.# #......
##.#.#.#.#...##.#.##.# #......
#..#.#.....#...#.#.#.# #......
.#.#.#.#.#...#.....#.# #......
.#[#...#...#.#.....#.# #..(...
####################.# #......
.....................# #...>..
###....).......#####.######......


You could see an orc knight.

Vanquished Creatures
  A gargoyle (D:10)
  4 trolls
  A hippogriff (D:10)
  Sigmund (D:2)
  A vampire (D:10)
  Edmund (D:5)
  Menkaure (D:4)
  3 water moccasins
  4 orc warriors
  4 ice beasts
  4 sky beasts
  2 black bears
  An eye of draining (D:9)
  3 ogres
  3 phantoms
  4 centaurs
  A necrophage (D:6)
  A crocodile (D:10)
  7 big kobolds
  3 bullfrogs
  2 gnoll sergeants
  A wyvern skeleton (D:10)
  4 scorpions
  5 killer bees (D:9)
  4 wights (D:8)
  4 howler monkeys
  7 crimson imps
  A bullfrog zombie (D:9)
  4 jellies
  An orc priest (D:9)
  3 hounds
  A quasit (D:10)
  2 centaur skeletons
  2 gnoll shamans
  Crazy Yiuf (D:5)
  5 iguanas
  3 orc wizards
  9 worker ants
  A hound zombie (D:6)
  2 worker ant zombies
  Robin (D:4)
  12 adders
  15 gnolls
  2 river rats (Sewer)
  4 oozes
  2 adder zombies
  An adder skeleton (D:7)
  3 worms
  2 dart slugs
  4 leopard geckos
  27 orcs
  6 giant cockroaches
  13 hobgoblins
  6 jackals (D:7)
  7 kobolds
  5 quokkas
  3 ball pythons
  6 bats
  3 frilled lizards
  13 goblins
  A leopard gecko skeleton (D:4)
  2 leopard gecko zombies (D:5)
  15 rats
265 creatures vanquished.

Notes
Turn   | Place    | Note
-------+----------+-------------------------------------------
     0 | D:1      | Kairos the Vine Stalker Fighter began the quest for the
                  | Orb.
     0 | D:1      | Reached XP level 1. HP: 11/11 MP: 2/2
   110 | D:1      | Reached XP level 2. HP: 16/16 MP: 3/3
   143 | D:1      | Reached skill level 2 in Axes
   544 | D:2      | Reached skill level 1 in Stealth
   544 | D:2      | Reached XP level 3. HP: 10/19 MP: 2/4
   563 | D:2      | Found an ancient bone altar of Kikubaaqudgha.
   636 | D:2      | Found a burning altar of Makhleb.
   682 | D:2      | Noticed a +0 hand axe
   683 | D:2      | Noticed a +0 hand axe
   685 | D:2      | Found a hide-covered altar of Uskayaw.
   732 | D:2      | Gained mutation: Your natural rate of healing is unusually
                  | fast. [Vine Stalker growth]
   732 | D:2      | Reached XP level 4. HP: 15/23 MP: 5/5
   751 | D:2      | Found a stormy altar of Qazlal.
   911 | D:2      | Found a bloodstained altar of Trog.
   912 | D:2      | Noticed Sigmund
  1036 | D:2      | Found a blossoming altar of Fedhas.
  1086 | D:2      | Found an opulent altar of Gozag.
  1151 | D:2      | Killed Sigmund
  1151 | D:2      | Reached skill level 3 in Axes
  1151 | D:2      | Reached XP level 5. HP: 28/28 MP: 6/6
  1151 | D:2      | Reached XP level 6. HP: 32/32 MP: 7/7
  1172 | D:3      | Noticed a sky beast
  1188 | D:3      | Killed a sky beast
  1188 | D:3      | Reached skill level 4 in Axes
  1207 | D:3      | Found a sparkling altar of Nemelex Xobeh.
  1586 | D:3      | Found a white marble altar of Elyvilon.
  1965 | D:4      | Found Qacab's Book Boutique.
  1978 | D:4      | Reached XP level 7. HP: 33/36 MP: 6/8
  2042 | D:4      | Noticed Robin
  2054 | D:4      | Killed Robin
  2376 | D:4      | Noticed Menkaure
  2384 | D:4      | Killed Menkaure
  2528 | D:5      | Entered Level 5 of the Dungeon
  2586 | D:5      | Found a hazy altar of Hepliaklqana.
  2615 | D:5      | Reached skill level 5 in Axes
  2615 | D:5      | Noticed Edmund
  2642 | D:5      | Killed Edmund
  2651 | D:5      | Gained mutation: You have razor-sharp teeth. [Vine Stalker
                  | growth]
  2651 | D:5      | Reached XP level 8. HP: 35/42 MP: 7/9
  2679 | D:5      | Found Goliet's Armour Shoppe.
  2994 | D:5      | Reached skill level 6 in Axes
  2999 | D:5      | Found a glowing drain.
  3017 | Sewer    | Entered a sewer
  3296 | Sewer    | Reached skill level 5 in Shields
  3518 | Sewer    | Reached XP level 9. HP: 46/46 MP: 10/10
  3598 | D:5      | Reached skill level 7 in Axes
  3706 | D:5      | Found a runed translucent door.
  3707 | D:5      | Noticed Crazy Yiuf
  3992 | D:5      | Killed Crazy Yiuf
  4169 | D:6      | Found a staircase to the Ecumenical Temple.
  4222 | D:6      | Found a basalt altar of Yredelemnul.
  4246 | Temple   | Entered the Ecumenical Temple
  4320 | Temple   | Became a worshipper of Warmaster Okawaru
  4579 | D:7      | Reached skill level 5 in Armour
  4640 | D:7      | Reached skill level 5 in Fighting
  4679 | D:7      | Reached * piety under Okawaru
  5008 | D:8      | Reached skill level 8 in Axes
  5239 | D:8      | Noticed a troll
  5255 | D:8      | Killed a troll
  5255 | D:8      | Reached XP level 10. HP: 9/51 MP: 5/11
  5301 | D:8      | Reached ** piety under Okawaru
  5365 | D:8      | Reached skill level 9 in Axes
  5764 | D:9      | Found a glowing silver altar of Zin.
  6025 | D:9      | Reached *** piety under Okawaru
  6026 | D:9      | Found Ecuimef's Armour Shop.
  6584 | D:10     | Entered Level 10 of the Dungeon
  6788 | D:10     | Reached skill level 10 in Axes
  6793 | D:10     | Reached **** piety under Okawaru
  6976 | D:10     | Found a staircase to the Lair.
  6989 | D:10     | Noticed a gargoyle
  6997 | D:10     | Killed a gargoyle
  6997 | D:10     | Reached XP level 11. HP: 56/56 MP: 9/12
  7133 | D:10     | Noticed a rakshasa
  7608 | D:10     | Reached skill level 1 in Evocations
  7629 | D:10     | Noticed an orc knight
  7646 | D:10     | Slain by an orc knight

Skill      XL: |  1  2  3  4  5  6  7  8  9 10 11 |
---------------+----------------------------------+-----
Axes           | 2 3 4 5 6 8 10 | 10.7
Shields        | 3 4 5 6 7 |  7.6
Stealth        | 1 |  1.9
Fighting       | 3 4 5 6 |  6.3
Armour         | 3 4 5 6 |  6.5
Evocations     | 1 |  1.1
Dodging        | |  0.9
Invocations    | |  0.2

Action                   |  1- 3 |  4- 6 |  7- 9 | 10-12 || total
-------------------------+-------+-------+-------+-------++-------
Melee: War axe           |    90 |   128 |   479 |   325 ||  1022
       Bite              |    24 |    38 |   141 |   121 ||   324
Invok: Heroism           |       |       |       |     8 ||     8
Evoke: Wand              |       |       |       |     6 ||     6
  Use: Scroll            |     2 |     4 |     3 |       ||     9
       Potion            |       |       |       |     1 ||     1
  Eat: Chunk             |       |     3 |    13 |     8 ||    24
Armor: Scale mail        |     7 |       |       |       ||     7
       Plate armour      |    42 |    79 |   292 |   218 ||   631
Dodge: Dodged            |    13 |     7 |    80 |    74 ||   174
Block: Shield            |    50 |    53 |   239 |   229 ||   571
